 Dungeon Crawl Stone Soup version 0.24.1-14-gf8d2b509d9 (webtiles) character file.

Game seed: 741680748676508253, levelgen mode: deterministic

582 Chiseanne the Skirmisher (level 7, 0/60 HPs)
             Began as a Gnoll Wanderer on May 27, 2020.
             Succumbed to a scorpion's poison
             ... on level 5 of the Dungeon.
             The game lasted 00:08:04 (4262 turns).

Chiseanne the Skirmisher (Gnoll Wanderer)           Turns: 4262, Time: 00:08:05

Health: 0/60       AC:  8    Str: 14    XL:     7   Next: 36%
Magic:  10/10      EV: 10    Int: 22    God:
Gold:   154        SH:  8    Dex: 14    Spells: 10/10 levels left

rFire    . . .     SeeInvis .   a - +1 rapier
rCold    . . .     Gourm    .   w - +0 shield
rNeg     . . .     Faith    .   b - +0 ring mail
rPois    .         Spirit   .   v - +0 helmet
rElec    .         Reflect  .   n - +0 cloak
rCorr    .         Harm     .   (no gloves)
MR       .....                  (no boots)
Stlth    ++........             (no amulet)
HPRegen  0.20/turn              (no ring)
MPRegen  0.12/turn              (no ring)

@: brilliant, lethally poisoned (0 -> -9)
A: distributed training, fangs 1, strong nose
a: no special abilities


You were on level 5 of the Dungeon.
You were near starving.

You visited 1 branch of the dungeon, and saw 5 of its levels.

You collected 154 gold pieces.

Inventory:

Hand Weapons
 a - a +1 rapier (weapon)
 o - a +0 hand axe of holy wrath
Missiles
 h - 105 arrows
 m - 49 stones (quivered)
 p - 3 boomerangs
 q - 16 sling bullets
 r - 43 bolts
Armour
 b - a +0 ring mail (worn)
 n - a +0 cloak (worn)
 v - a +0 helmet (worn)
 w - a +0 shield (worn)
Wands
 k - a wand of flame (14)
Scrolls
 c - 3 scrolls of teleportation
 e - 4 scrolls of remove curse
 t - a scroll of amnesia
Potions
 f - 2 potions of lignification
 g - a potion of berserk rage {unknown}
 i - a potion of flight
 j - a potion of degeneration {unknown}
 l - a potion of brilliance
 s - 2 potions of curing {unknown}
 u - a potion of invisibility {unknown}
Comestibles
 d - 10 rations


   Skills:
 + Level 7.0 Fighting
 + Level 2.4 Short Blades
 + Level 2.4 Long Blades
 + Level 2.4 Axes
 + Level 2.4 Maces & Flails
 + Level 3.5 Polearms
 + Level 2.4 Staves
 + Level 2.4 Slings
 + Level 2.4 Bows
 + Level 2.4 Crossbows
 + Level 3.5 Throwing
 + Level 5.2 Armour
 + Level 3.5 Dodging
 + Level 3.4 Stealth
 + Level 2.4 Shields
 + Level 2.4 Unarmed Combat
 + Level 2.4 Spellcasting
 + Level 2.0 Conjurations
 + Level 2.0 Hexes
 + Level 2.0 Charms
 + Level 2.0 Summonings
 + Level 2.0 Necromancy
 + Level 2.0 Translocations
 + Level 2.0 Transmutations
 + Level 2.0 Fire Magic
 + Level 2.0 Ice Magic
 + Level 2.0 Air Magic
 + Level 2.0 Earth Magic
 + Level 2.0 Poison Magic
 + Level 2.6 Invocations
 + Level 3.5 Evocations


You had 10 spell levels left.
You didn't know any spells.
Your spell library contained the following spells:

 Spells                   Type           Power        Failure   Level  Hunger
 Beastly Appendage        Tmut           ###...       7%          1    None
 Sticks to Snakes         Tmut           ###.....     10%         2    ##.....
 Spider Form              Tmut/Pois      ###.......   17%         3    ###....
 Ice Form                 Ice/Tmut       ###.....     45%         4    ####...
 Blade Hands              Tmut           ###.......   77%         5    ######.


Dungeon Overview and Level Annotations

Branches:
Dungeon (5/15)
 Temple: D:4-7

Altars:
Ashenzari
Hepliaklqana
Kikubaaqudgha
Makhleb
Ru
Uskayaw
Wu Jian

Annotations:
D:4 Edmund


Innate Abilities, Weirdness & Mutations

Your experience applies equally to all skills.
You have very sharp teeth.
Your uncanny sense of smell can sniff out nearby items.


Message History

The centaur hits you but does no damage.
The scorpion stings you. You block the centaur's attack.
You hit the centaur.
The centaur is heavily wounded.
The centaur hits you.
* * * LOW HITPOINT WARNING * * *
The scorpion stings you.
* * * LOW HITPOINT WARNING * * *
You are more poisoned.
The scorpion poisons you! The centaur closely misses you.
* * * LOW HITPOINT WARNING * * *
You feel sick.
You see here an arrow.
You feel sick.
The centaur wields a +0 shortbow.
The centaur shoots an arrow.
The arrow hits you!
* * * LOW HITPOINT WARNING * * *
You see here 3 arrows.
It was a potion of brilliance.
You feel clever all of a sudden.
You die...

######## #.# .......#
#.# ## ######.# #.##
##.. #.# #<.# #..
######.####.# #(.
............# #.#
######.###..# #.# #
#.###..###.####.#
#.>....(.((@s...#
#####........c......#
#.........####.##..#
#.##.###### ... . #
.$.# ##.. .#### .# #
#


You could see a centaur and a scorpion.

Vanquished Creatures
  Sigmund (D:3)
  An ice beast (D:4)
  A scorpion (D:4)
  A howler monkey (D:5)
  A hound (D:3)
  A worker ant (D:3)
  4 adders
  7 gnolls
  2 oozes
  An adder skeleton (D:4)
  2 worms (D:2)
  2 dart slugs
  A leopard gecko (D:2)
  4 orcs
  9 bats
  3 giant cockroaches
  7 goblins
  8 hobgoblins
  4 jackals
  4 kobolds
  A quokka (D:4)
  6 frilled lizards
  7 rats
78 creatures vanquished.

Notes
Turn   | Place    | Note
-------+----------+-------------------------------------------
     0 | D:1      | Chiseanne the Gnoll Wanderer began the quest for the Orb.
     0 | D:1      | Chiseanne set off with the following items: a +2 spear, a
                  | +0 ring mail, a scroll of teleportation, a ration
     0 | D:1      | Reached XP level 1. HP: 23/23 MP: 2/2
   136 | D:1      | Reached XP level 2. HP: 29/29 MP: 3/3
   488 | D:1      | Reached XP level 3. HP: 35/35 MP: 4/4
   875 | D:2      | Found a faded altar of an unknown god.
   898 | D:2      | Found a faded altar of an unknown god.
   898 | D:2      | Found a hazy altar of Hepliaklqana.
   904 | D:2      | Found an ancient bone altar of Kikubaaqudgha.
   914 | D:2      | Found a faded altar of an unknown god.
   916 | D:2      | Found a shattered altar of Ashenzari.
   963 | D:2      | Reached skill level 1 in Invocations
  1131 | D:2      | Found a burning altar of Makhleb.
  1170 | D:2      | Reached skill level 1 in Short Blades
  1170 | D:2      | Reached skill level 1 in Long Blades
  1170 | D:2      | Reached skill level 1 in Axes
  1170 | D:2      | Reached skill level 1 in Maces & Flails
  1170 | D:2      | Reached skill level 1 in Staves
  1170 | D:2      | Reached skill level 1 in Slings
  1170 | D:2      | Reached skill level 1 in Bows
  1170 | D:2      | Reached skill level 1 in Crossbows
  1170 | D:2      | Reached skill level 1 in Shields
  1170 | D:2      | Reached skill level 1 in Unarmed Combat
  1170 | D:2      | Reached skill level 1 in Spellcasting
  1170 | D:2      | Reached XP level 4. HP: 37/41 MP: 4/6
  1632 | D:3      | Noticed Sigmund
  2062 | D:3      | Killed Sigmund
  2062 | D:3      | Reached skill level 1 in Conjurations
  2062 | D:3      | Reached skill level 1 in Hexes
  2062 | D:3      | Reached skill level 1 in Charms
  2062 | D:3      | Reached skill level 1 in Summonings
  2062 | D:3      | Reached skill level 1 in Necromancy
  2062 | D:3      | Reached skill level 1 in Translocations
  2062 | D:3      | Reached skill level 1 in Transmutations
  2062 | D:3      | Reached skill level 1 in Fire Magic
  2062 | D:3      | Reached skill level 1 in Ice Magic
  2062 | D:3      | Reached skill level 1 in Air Magic
  2062 | D:3      | Reached skill level 1 in Earth Magic
  2062 | D:3      | Reached skill level 1 in Poison Magic
  2062 | D:3      | Reached XP level 5. HP: 28/47 MP: 7/7
  2062 | D:3      | Reached XP level 6. HP: 32/53 MP: 8/8
  2712 | D:3      | Reached skill level 5 in Armour
  3515 | D:4      | Reached XP level 7. HP: 59/59 MP: 10/10
  3679 | D:4      | Noticed Edmund
  3856 | D:4      | Found a sacrificial altar of Ru.
  3856 | D:4      | Found a hide-covered altar of Uskayaw.
  3959 | D:4      | Reached skill level 7 in Fighting
  4186 | D:4      | Found an ornate altar of the Wu Jian Council.
  4217 | D:5      | Entered Level 5 of the Dungeon
  4261 | D:5      | HP: 1/60 [centaur/arrow (10)]
  4262 | D:5      | Succumbed to a scorpion's poison

Levels and vault maps discovered:
D:1:      scummos_arrival_forest, layout_loops_ring,
          chequers_serial_rivers_large_b, nrook_campfire
D:2:      layout_basic, bloody_makhleb, chequers_temple_overflow_minitemple,
          chequers_ecumenical_altar_simple_redux, kennysheep_generic_room_2
D:3:      layout_rooms, serial_forest, infiniplex_forest_end_1,
          infiniplex_forest_diagonal, infiniplex_forest_clump_medium,
          infiniplex_forest_clump_double, infiniplex_forest_lined_2,
          infiniplex_forest_clump_medium, uniq_sigmund
D:4:      layout_rooms, amethyst_overflow_temple_binary, lemuel_doored_altar,
          first_ration, uniq_edmund
D:5:      layout_loops_ring, led_sif_book, minmay_temple_entry_nine_rooms,
          gammafunk_ghost_grave, serial_shops, nicolae_shop_stone

Skill      XL: |  1  2  3  4  5  6  7 |
---------------+----------------------+-----
Invocations    | 1 2 |  2.6
Short Blades   | 1 2 |  2.4
Long Blades    | 1 2 |  2.4
Axes           | 1 2 |  2.4
Maces & Flails | 1 2 |  2.4
Staves         | 1 2 |  2.4
Slings         | 1 2 |  2.4
Bows           | 1 2 |  2.4
Crossbows      | 1 2 |  2.4
Shields        | 1 2 |  2.4
Unarmed Combat | 1 2 |  2.4
Spellcasting   | 1 2 |  2.4
Polearms       | 3 |  3.5
Throwing       | 3 |  3.5
Dodging        | 3 |  3.5
Conjurations   | 1 2 |  2.0
Hexes          | 1 2 |  2.0
Charms         | 1 2 |  2.0
Summonings     | 1 2 |  2.0
Necromancy     | 1 2 |  2.0
Translocations | 1 2 |  2.0
Transmutations | 1 2 |  2.0
Fire Magic     | 1 2 |  2.0
Ice Magic      | 1 2 |  2.0
Air Magic      | 1 2 |  2.0
Earth Magic    | 1 2 |  2.0
Poison Magic   | 1 2 |  2.0
Evocations     | 3 |  3.5
Stealth        | 3 |  3.4
Armour         | 5 |  5.2
Fighting       | 7 |  7.0

Action                   |  1- 3 |  4- 6 |  7- 9 || total
-------------------------+-------+-------+-------++-------
Melee: Spear             |   107 |   169 |       ||   276
       Bite              |    12 |    21 |     4 ||    37
       Rapier            |       |    27 |    51 ||    78
Throw: Stone             |       |     2 |       ||     2
  Use: Scroll            |       |     9 |       ||     9
       Potion            |       |     2 |     1 ||     3
 Stab: Sleeping          |       |     3 |     1 ||     4
  Eat: Chunk             |     1 |     7 |     1 ||     9
Armor: Ring mail         |    35 |    42 |    23 ||   100
Dodge: Dodged            |    50 |    87 |    29 ||   166
Block: Buckler           |     5 |    24 |       ||    29
       Shield            |       |       |    30 ||    30
